 Dungeon Crawl Stone Soup version 0.19.5 (webtiles) character file.

25 miragecloak the Insei (level 3, 23/23 HPs)
             Began as an Octopode Transmuter on May 10, 2017.
             Quit the game on level 1 of the Dungeon.
             The game lasted 00:00:25 (505 turns).

miragecloak the Insei (Octopode Transmuter)          Turns: 505, Time: 00:00:26

Health: 23/23      AC:  1    Str:  9    XL:     3   Next: 6%
Magic:  5/6        EV: 13    Int: 15    God:
Gold:   34         SH:  0    Dex: 13    Spells: 1 memorised, 5 levels left

rFire  . . .     SeeInvis .       - Unarmed
rCold  . . .     Gourm    .     (no shield)
rNeg   . . .     Faith    .     (helmet restricted)
rPois  .         Spirit   .     (no amulet)
rElec  .         Reflect  .     (no ring)
rCorr  .         Harm     .     (no ring)
MR     .....                    (no ring)
Stlth  ++........               (no ring)
                                (no ring)
                                (no ring)
                                (no ring)
                                (no ring)

@: appendage (expiring)
A: almost no armour, stealthy swim, amphibious, 8 rings, constrict 8, tentacle
spike 3, camouflage 1, gelatinous body 1
a: End Transformation


You were on level 1 of the Dungeon.
You were not hungry.
One of your tentacles had a temporary spike.
You visited 1 branch of the dungeon, and saw 1 of its levels.

You collected 34 gold pieces.

Inventory:

Missiles
 a - 12 arrows
Scrolls
 f - a scroll of fog {unknown}
 g - a scroll of identify {unknown}
 j - a scroll of remove curse {unknown}
Potions
 d - 3 potions of lignification {unknown}
 e - a potion of agility {unknown}
 i - a potion of heal wounds {unknown}
 k - a potion of degeneration {unknown}
 l - a potion of brilliance {unknown}
Books
 b - a book of Changes

   Spells                             Type                      Level
   a - Beastly Appendage              Transmutation                1
   b - Sticks to Snakes               Transmutation                2
   c - Spider Form                    Transmutation/Poison         3
   d - Ice Form                       Ice/Transmutation            4
   e - Blade Hands                    Transmutation                5
Comestibles
 c - 3 bread rations
 h - a chunk of flesh


   Skills:
 + Level 1.0 Fighting
 + Level 2.3 Dodging
 - Level 0.4 Stealth
 + Level 3.4 Unarmed Combat
 + Level 2.3 Spellcasting
 + Level 2.2 Transmutations


You had 5 spell levels left.
You knew the following spells:

 Your Spells              Type           Power        Failure   Level  Hunger
a - Beastly Appendage     Tmut           #.....       12%         1    #......


Dungeon Overview and Level Annotations

Branches:
Dungeon (1/15)

Altars:


Innate Abilities, Weirdness & Mutations

You cannot wear most types of armour.
You are very stealthy in the water. (Stealth+)
You are amphibious.
You can wear up to eight rings at the same time.
You can use your tentacles to constrict eight enemies at once.
Your skin changes colour to match your surroundings (Stealth+).
Your rubbery body absorbs attacks. (AC +1, EV +1)
One of your tentacles bears a large vicious spike.


Message History

A giant cockroach is nearby!
A giant cockroach is nearby!
A giant cockroach is nearby!
A giant cockroach is nearby!
Casting: Beastly Appendage
Confirm with . or Enter, or press ? or * to list all spells.
One of your tentacles grows a vicious spike.
Your magical contamination has completely faded away.
Your transformation is almost over.
You tentacle-slap the giant cockroach. Your grab misses the giant cockroach.
You pierce the giant cockroach, but do no damage.
The giant cockroach is moderately wounded.
The giant cockroach misses you. The giant cockroach barely misses you.
You closely miss the giant cockroach. You grab the giant cockroach.
You squeeze the giant cockroach.
The giant cockroach is almost dead.
You constrict the giant cockroach.
You kill the giant cockroach!
No target in view!
Are you sure you want to abandon this character and quit the game? (Confirm with "yes".)

.............#
#.#
#####.......##
#.# #.......#
#.# #.......#
#.# ####(####
#.# ########.#
#.# .........#
#.# ##########
#.# #@# #†#
#.# #.# #.#
..# ###


There were no monsters in sight!

Vanquished Creatures
  An adder (D:1)
  3 giant cockroaches (D:1)
  A hobgoblin (D:1)
  5 jackals (D:1)
  3 bats (D:1)
  A frilled lizard (D:1)
  A kobold (D:1)
  A rat (D:1)
16 creatures vanquished.

Notes
Turn   | Place    | Note
-------+----------+-------------------------------------------
     0 | D:1      | miragecloak the Octopode Transmuter began the quest for the Orb.
     0 | D:1      | Reached XP level 1. HP: 13/13 MP: 3/3
   205 | D:1      | Reached XP level 2. HP: 18/18 MP: 3/5
   483 | D:1      | Reached XP level 3. HP: 22/23 MP: 4/6
   505 | D:1      | Quit the game

Action                   || total
-------------------------++-------
Melee: Unarmed           ||    41
       Constrict         ||    11
       Kick              ||     8
       Tentacles         ||     6
 Cast: Beastly Appendage ||     8
 Stab: Sleeping          ||     1
Armor: Skin              ||    12
Dodge: Dodged            ||    30
